 Dungeon Crawl Stone Soup version 0.28.0-43-g3370ac3207 (webtiles) character file.

Game seed: 8332655575493693971

366 RascalDebosk the Covered (level 6, 0/56 HPs)
             Began as a Minotaur Fighter on Mar 17, 2022.
             Was an Initiate of Gozag.
             Slain by a gnoll
             ... wielding a +0 spear
              (4 damage)
             ... on level 4 of the Dungeon.
             The game lasted 00:27:35 (4144 turns).

RascalDebosk the Covered (Minotaur Fighter)         Turns: 4144, Time: 00:27:36

Health: 0/56       AC:  8    Str: 23    XL:     6   Next: 40%
Magic:  0/5        EV:  9    Int:  5    God:    Gozag
Gold:   201        SH:  4    Dex:  9    Spells: 5/5 levels left

rFire   . . .      SeeInvis .   a - +0 trident
rCold   . . .      Faith    .   c - +0 buckler
rNeg    . . .      Spirit   +   b - +0 scale mail
rPois   .          Reflect  .   (helmet restricted)
rElec   .          Harm     .   q - +0 cloak
rCorr   .          Rampage  .   (no gloves)
Will    .....                   (no boots)
Stlth   ..........              r - amulet of guardian spirit
HPRegen 0.18/turn               (no ring)
MPRegen 0.09/turn               (no ring)

@: mighty, gold aura
A: horns 2, retaliatory headbutt
a: Renounce Religion, Potion Petition, Call Merchant, Bribe Branch


You were on level 4 of the Dungeon.
You worshipped Gozag.
Gozag was aware of your devotion.
You visited 2 branches of the dungeon, and saw 5 of its levels.

You collected 242 gold pieces.
You paid 41 gold pieces to Gozag.

Inventory:

Hand Weapons
 a - a +0 trident (weapon)
 p - a +4 quarterstaff of chaos
Missiles
 g - 71 stones (quivered)
 o - 7 poisoned darts
Armour
 b - a +0 scale mail (worn)
 c - a +0 buckler (worn)
 q - a +0 cloak (worn)
Jewellery
 r - an amulet of guardian spirit (around neck)
Wands
 f - a wand of flame (14)
Scrolls
 k - a scroll of amnesia
 m - a scroll of noise {unknown}
 s - a scroll of magic mapping {unknown}
 t - a scroll of enchant armour {unknown}
 u - a scroll of teleportation
Potions
 e - 2 potions of lignification
 h - a potion of heal wounds
 j - 2 potions of curing
 l - a potion of mutation
 n - a potion of brilliance


   Skills:
 + Level 5.0 Fighting
 + Level 4.3 Polearms
 + Level 2.5 Throwing
 + Level 5.1 Armour
 + Level 5.0 Shields


You had 5 spell levels left.
You didn't know any spells.
Your spell library contained the following spells:

 Spells                   Type           Power      Damage    Failure   Level
 Malign Gateway           Summ/Tloc      0%         N/A       100%        7
 Summon Horrible Things   Summ           0%         N/A       100%        8


Dungeon Overview and Level Annotations

Branches:
Dungeon (4/15)             Temple (1/1) D:4

Altars:
Cheibriados
Fedhas
Gozag
Hepliaklqana
Kikubaaqudgha
Makhleb
Okawaru
Sif Muna
Trog
Uskayaw
Vehumet
Wu Jian
Xom
Yredelemnul
Zin
The Shining One

Shops:
D:3 =   D:4 (

Annotations:
D:3 2 transporters, NotreDorf's ghost, amateur MfGl


Innate Abilities, Weirdness & Mutations

You have a pair of horns on your head.
You reflexively headbutt those who attack you in melee.


Message History

The gnoll sergeant is lightly wounded.
The gnoll sergeant closely misses you.
Reach: a) +0 trident
Press: ? - help, Dir - move target, f/p - gnoll sergeant
Aim: a gnoll sergeant, wielding a +0 spear, wearing a +0 scale mail and wearing a +2 buckler (grey smoke, lightly wounded, about 35% to evade your +0 trident)
You reach to attack!
You hit the gnoll sergeant but do no damage.
The gnoll sergeant is lightly wounded.
You block the gnoll sergeant's attack.
You feel very mighty all of a sudden. The gnoll sergeant closely misses you.
Reach: a) +0 trident
Press: ? - help, Dir - move target, f/p - gnoll sergeant
Aim: a gnoll sergeant, wielding a +0 spear, wearing a +0 scale mail and wearing a +2 buckler (grey smoke, lightly wounded, about 35% to evade your +0 trident)
You reach to attack!
The gnoll sergeant blocks your attack.
The gnoll sergeant is lightly wounded.
The gnoll sergeant hits you from afar with a +0 spear.
The gnoll sergeant closely misses you.
The gnoll hits you from afar with a +0 spear.
You puncture the gnoll sergeant!
The gnoll sergeant is heavily wounded.
The gnoll sergeant hits you with a +0 spear.
The gnoll hits you but does no damage. The gnoll sergeant barely misses you.
You hit the gnoll sergeant.
The gnoll sergeant is heavily wounded.
The gnoll hits you from afar with a +0 spear.
* * * LOW HITPOINT WARNING * * *
The gnoll sergeant hits you with a +0 spear.
* * * LOW HITPOINT WARNING * * *
You hit the gnoll sergeant.
Your headbutt misses the gnoll sergeant.
The gnoll sergeant is severely wounded.
The gnoll hits you but does no damage.
The gnoll sergeant hits you with a +0 spear!
* * * LOW HITPOINT WARNING * * *
You puncture the gnoll sergeant!
You kill the gnoll sergeant!
The gnoll hits you from afar with a +0 spear.
You die...
Your body crumbles into a pile of gold.

#.## .# ###....####...###.. ..#
#.## ###...###.>...### #.. .##
#.#####...### #.....# #.. ##
#........## ##.....## #'# #
#.......## ##.......## #∩# #
#......## ##.........##### ##
#.......####....#.>....#..# .#
#........#.§..............# .##
##.....≈≈≈§@§≈≈≈..........##
..####......≈##§§§##≈..........#
#...##......≈###g###≈.........##
##.....####.≈≈#gg§#≈≈..........##
##.....# ##≈≈#...#≈≈...........#
......## #≈≈#.?.#≈≈......####..
.......# #≈#######≈..)..## ##.
.......# ≈##≈≈≈##≈#....# ##.
....#..# ≈≈≈≈≈≈≈≈≈#....# #..


You could see a gnoll.

Vanquished Creatures
  Menkaure (D:4)
  A gnoll sergeant (D:4)
  Crazy Yiuf (D:3)
  A hound skeleton (D:4)
  12 adders
  A gnoll (D:4)
  2 dart slugs (D:4)
  6 orcs
  4 ball pythons
  7 endoplasms
  2 giant cockroaches
  4 goblins
  6 hobgoblins
  10 jackals
  5 kobolds
  3 quokkas
  5 bats
  A frilled lizard (D:1)
  5 rats
77 creatures vanquished.

Notes
Turn   | Place    | Note
-------+----------+-------------------------------------------
     0 | D:1      | RascalDebosk the Minotaur Fighter began the quest for the
                  | Orb.
     0 | D:1      | Reached XP level 1. HP: 19/19 MP: 0/0
   334 | D:1      | Reached XP level 2. HP: 27/27 MP: 1/1
   678 | D:2      | Reached skill level 1 in Throwing
   678 | D:2      | Reached XP level 3. HP: 27/33 MP: 2/2
   979 | D:2      | Reached XP level 4. HP: 35/40 MP: 3/3
  1055 | D:2      | Found a faded altar of an unknown god.
  1402 | D:3      | Noticed NotreDorf's ghost (amateur MfGl)
  1402 | D:3      | Noticed an ogre
  1403 | D:3      | Found a transporter.
  1403 | D:3      | Noticed an ogre
  1403 | D:3      | Noticed an ogre
  1747 | D:3      | Found Taeletas's Jewellery Shop.
  1789 | D:3      | Reached XP level 5. HP: 22/47 MP: 4/4
  2088 | D:3      | Found a runed translucent door.
  2089 | D:3      | Noticed Crazy Yiuf
  2096 | D:3      | Killed Crazy Yiuf
  2484 | D:3      | Found a transporter.
  2631 | D:4      | Found a staircase to the Ecumenical Temple.
  2639 | Temple   | Entered the Ecumenical Temple
  2874 | Temple   | Became a worshipper of Gozag Ym Sagoz the Greedy
  3143 | D:4      | Found a hazy altar of Hepliaklqana.
  3173 | D:4      | Noticed Menkaure
  3177 | D:4      | Killed Menkaure
  3178 | D:4      | Reached skill level 5 in Armour
  3178 | D:4      | Reached skill level 5 in Shields
  3178 | D:4      | Reached XP level 6. HP: 55/55 MP: 5/5
  3396 | D:4      | Reached skill level 5 in Fighting
  3570 | D:4      | Found Zonluzak's Antique Weapon Shoppe.
  3929 | D:4      | Found a burning altar of Makhleb.
  4025 | D:4      | Found a radiant altar of Vehumet.
  4144 | D:4      | Slain by a gnoll

Illustrated notes

Levels and vault maps discovered:
D:1:      heliophobic_arrival_ceremonial_halls, layout_loops_ring
D:2:      layout_loops_ring, dreamdust_ecumenical_altar_hidden_monk_grotto,
          minmay_misc_feat_nine_boxes
D:3:      layout_basic, serial_shops, shop_statue, gammafunk_ghost_smash,
          uniq_crazy_yiuf_cottage
D:4:      layout_layer_cave, mainiacjoe_overflow_big_doors, marbit_many_paths,
          minmay_temple_entry_trees, serial_shops, kennysheep_mini,
          lightli_minifort, uniq_menkaure
Temple:   nicolae_temple_figure_eight

Skill      XL: |  1  2  3  4  5  6 |
---------------+-------------------+-----
Throwing       | 1 2 |  2.5
Shields        | 4 5 |  5.0
Fighting       | 4 5 |  5.0
Polearms       | 3 4 |  4.3
Armour         | 4 5 |  5.1

Action                   |  1- 3 |  4- 6 || total
-------------------------+-------+-------++-------
Melee: Trident           |    69 |   160 ||   229
       Headbutt          |    11 |    15 ||    26
Throw: Stone             |     5 |    17 ||    22
Evoke: Wand              |       |     3 ||     3
  Use: Scroll            |       |     9 ||     9
       Potion            |       |     2 ||     2
Armor: Scale mail        |    39 |    63 ||   102
Dodge: Dodged            |    35 |    77 ||   112
Block: Buckler           |    13 |    41 ||    54
